AoeStats
← ThickBurrito97

Arena

511002296Analyzed
3v3 RM · 13h ago on Oct 3, 2026· 76m 58s· 6 players
Game mode
Random Map
Map size
Normal (6 player)
Population
200
Speed
Normal
Resources
Standard
Victory
Conquest
Starting age
Dark Age
Ending age
Imperial Age
RankedLock teamsTeams togetherTeam positionsShared explorationLock speedFull tech treeHidden civsTurbo modeCheats
Victory
Defeat
🇯🇵 Gurjaras · Japan
719
+9
🇧🇪 Vietnamese · Belgium
713
+9
🇰🇷 Chinese · South Korea
621
+14
🇦🇺 Portuguese · Australia
619
-13
🇯🇵 Mongols · Japan
534
-10
🇺🇸 Ethiopians · United States
511
-9
ThickBurrito97
2:02 Loom
13:09 Feudal Age
17:23 Double-Bit Axe
17:31 Horse Collar
21:10 Castle Age
19:19 Gold Mining
20:27 Forging
20:42 Forging
20:39 Scale Barding Armor
27:43 Imperial Age
25:50 Stone Mining
30:18 Treadmill Crane
31:47 Chemistry
33:26 Conscription
33:12 Arquebus
32:46 Cavalier
33:43 Bloodlines
33:35 Husbandry
34:15 Iron Casting
34:43 Chain Barding Armor
35:41 Bombard Tower
38:13 Blast Furnace
37:50 Plate Barding Armor
53:12 Pikeman
53:37 Elite Organ Gun
54:35 Halberdier
59:20 Man-at-Arms
60:07 Gambesons
Draducken
0:27 Loom
12:26 Feudal Age
13:27 Double-Bit Axe
15:52 Town Watch
18:19 Castle Age
19:23 Town Watch
19:49 Gold Mining
19:57 Stone Mining
22:11 Wheelbarrow
22:02 Bow Saw
24:04 Horse Collar
26:55 Fervor
31:39 Imperial Age
31:39 Stone Shaft Mining
31:10 Heavy Plow
31:50 Gold Shaft Mining
32:27 Sanctity
33:25 Two-Man Saw
32:03 Halberdier
33:59 Conscription
38:04 Squires
38:10 Scale Mail Armor
38:56 Forging
40:44 Fortified Wall
satoshi.urushiyama
1:27 Loom
12:52 Feudal Age
15:31 Wheelbarrow
15:04 Gold Mining
18:01 Double-Bit Axe
22:08 Castle Age
25:32 Caravan
30:15 Horse Collar
31:38 Hand Cart
35:16 Nomads
37:54 Imperial Age
36:34 Gold Shaft Mining
35:51 Stone Mining
38:58 Drill
38:12 Capped Ram
39:05 Onager
41:55 Siege Ram
43:24 Elite Mangudai
45:03 Siege Onager
54:48 Elite Skirmisher
Nico_24
11:16 Feudal Age
11:58 Horse Collar
12:07 Double-Bit Axe
19:40 Castle Age
18:10 Gold Mining
18:17 Stone Mining
19:50 Padded Archer Armor
20:43 Bow Saw
20:36 Heavy Plow
21:13 Stone Shaft Mining
22:39 Crossbowman
24:44 Wheelbarrow
23:55 Loom
23:56 Town Watch
24:13 Fletching
25:26 Hand Cart
27:37 Town Patrol
31:00 Leather Archer Armor
30:41 Bodkin Arrow
31:09 Ballistics
33:37 Imperial Age
32:26 Forging
34:28 Thumb Ring
36:40 Paper Money
37:38 Caravan
37:33 Arrowslits
37:57 Scale Barding Armor
37:52 Scale Mail Armor
37:53 Bracer
39:22 Elite Skirmisher
40:19 Imperial Skirmisher
40:28 Cavalier
41:08 Husbandry
41:53 Crop Rotation
42:39 Two-Man Saw
Loopia
11:04 Loom
12:50 Feudal Age
14:51 Wheelbarrow
14:02 Town Watch
13:59 Horse Collar
14:08 Double-Bit Axe
17:58 Castle Age
16:01 Gold Mining
16:25 Stone Mining
17:15 Forging
17:46 Scale Mail Armor
18:41 Heavy Plow
19:29 Stone Shaft Mining
20:29 Fletching
23:02 Bow Saw
25:53 Hand Cart
26:06 Caravan
27:32 Town Patrol
32:08 Imperial Age
30:04 Husbandry
30:35 Bloodlines
31:06 Kshatriyas
31:47 Scale Barding Armor
32:33 Iron Casting
32:30 Ballistics
32:30 Thumb Ring
33:40 Crop Rotation
34:01 Chain Barding Armor
34:41 Conscription
34:50 Chain Mail Armor
36:14 Chemistry
35:47 Elite Elephant Archer
36:12 Elite Shrivamsha Rider
39:11 Plate Mail Armor
38:23 Elite Chakram Thrower
40:12 Plate Barding Armor
39:56 Padded Archer Armor
40:15 Bodkin Arrow
40:40 Heavy Camel Rider
42:19 Leather Archer Armor
45:06 Bracer
주인공
1:37 Loom
12:38 Feudal Age
14:07 Horse Collar
14:15 Double-Bit Axe
21:33 Castle Age
19:53 Stone Mining
20:44 Gold Mining
23:10 Caravan
23:42 Bow Saw
25:58 Fletching
26:27 Squires
32:39 Imperial Age
30:28 Heavy Plow
30:49 Town Watch
31:40 Wheelbarrow
31:34 Ballistics
32:02 Bodkin Arrow
32:08 Padded Archer Armor
32:24 Great Wall
32:39 Masonry
32:42 Fortified Wall
36:08 Conscription
39:23 Rocketry
40:07 Chemistry
41:30 Bloodlines
41:21 Husbandry
42:11 Cavalier
44:13 Forging
47:29 Two-Man Saw
46:00 Cavalier
47:06 Pikeman
47:20 Cavalier
47:44 Halberdier
57:27 Iron Casting
56:57 Scale Barding Armor
57:08 Leather Archer Armor
56:53 Bracer
56:54 Scale Mail Armor
56:45 Arrowslits
57:20 Bombard Tower
57:11 Masonry
56:57 Murder Holes
56:52 Guard Tower
57:52 Fervor
57:57 Block Printing
57:43 Atonement
58:08 Illumination
57:44 Devotion
58:05 Sanctity
58:20 Theocracy
57:41 Herbal Medicine
59:57 Elite Fire Lancer
60:24 Arson
62:05 Elite Chu Ko Nu
63:40 Chain Barding Armor
64:21 Blast Furnace
63:36 Chain Mail Armor
63:46 Sappers
64:43 Faith
64:59 Coinage
67:55 Plate Barding Armor
67:50 Plate Mail Armor
67:51 Ring Archer Armor
68:01 Stone Shaft Mining
68:04 Gold Shaft Mining
68:08 Architecture
68:13 Keep
67:29 Heated Shot
68:41 Spies/Treason
69:36 Careening
69:36 Clinker Construction
69:47 Shipwright
71:21 Banking
72:57 Man-at-Arms
75:49 Heavy Rocket Cart
Connection lost

Rejoining the realm…

Still unreachable

The connection could not be restored.

Session expired

The server has moved on; the page needs a fresh start.